 Dungeon Crawl Stone Soup version 0.27.1-33-g824d729ab1 (webtiles) character file.

Game seed: 16207986112276688216

120 barney the Changer (level 4, -1/52 HPs)
             Began as a Draconian Transmuter on Dec 20, 2021.
             Slain by a gnoll (6 damage)
             ... on level 3 of the Dungeon.
             The game lasted 00:02:27 (3791 turns).

barney the Changer (Draconian Transmuter)           Turns: 3791, Time: 00:02:27

Health: -1/52      AC:  6    Str: 12    XL:     4   Next: 75%
Magic:  6/7        EV: 12    Int: 14    God:
Gold:   87         SH:  0    Dex: 12    Spells: 1/7 levels left

rFire    . . .     SeeInvis .   f - +1 short sword (flame)
rCold    . . .     Faith    .   (no shield)
rNeg     . . .     Spirit   .   (armour unavailable)
rPois    .         Reflect  .   (helmet restricted)
rElec    .         Harm     .   (no cloak)
rCorr    .         Rampage  .   (no gloves)
Will     .....                  l - +0 pair of boots
Stlth    ..........             (no amulet)
HPRegen  0.17/turn              (no ring)
MPRegen  0.10/turn              (no ring)

@: berserking (expiring), very quick
A: AC +5, unfitting armour, cold-blooded
a: no special abilities


You were on level 3 of the Dungeon.
You visited 1 branch of the dungeon, and saw 3 of its levels.

You collected 87 gold pieces.

Inventory:

Hand Weapons
 f - a +1 short sword of flaming (weapon)
Armour
 l - a +0 pair of boots (worn)
Scrolls
 b - 2 scrolls of blinking {unknown}
 d - 3 scrolls of amnesia {unknown}
 e - a scroll of vulnerability {unknown}
 g - a scroll of identify {unknown}
 k - a scroll of torment {unknown}
Potions
 c - a potion of flight {unknown}
 h - a potion of haste {unknown}
 i - 2 potions of curing {unknown}
 j - 2 potions of heal wounds {unknown}
 m - a potion of cancellation {unknown}


   Skills:
 - Level 1.1 Fighting
 - Level 1.7 Dodging
 - Level 3.0 Unarmed Combat
 - Level 2.0 Spellcasting
 + Level 5.0 Transmutations


You had one spell level left.
You knew the following spells:

 Your Spells              Type           Power      Damage    Failure   Level
a - Beastly Appendage     Tmut           30%        N/A       3%          1
b - Spider Form           Tmut/Pois      4%         N/A       26%         3
c - Wereblood             Tmut           15%        N/A       4%          2

Your spell library contained the following spells:

 Spells                   Type           Power      Damage    Failure   Level
 Gell's Gravitas          Tloc           0%         N/A       56%         3
 Lesser Beckoning         Tloc           0%         N/A       56%         3
 Teleport Other           Tloc           1%         N/A       56%         3
 Ice Form                 Ice/Tmut       8%         N/A       63%         4


Dungeon Overview and Level Annotations

Branches:
Dungeon (3/15)

Altars:
Cheibriados
Sif Muna
Zin


Innate Abilities, Weirdness & Mutations

Your plain brown scales are hard. (AC +5)
You cannot fit into any form of body armour.
You are cold-blooded and may be slowed by cold attacks.


Message History

Your +1 short sword of flaming bursts into flame!
The ball python barely misses you. The ball python grabs you.
The ball python constricts you.
You escape the ball python's grasp.
It was a potion of berserk rage.
A red film seems to cover your vision as you go berserk!
You feel yourself moving faster!
You feel mighty! The rat bites you.
You closely miss the rat. The rat bites you.
You barely miss the rat. You tail-slap the rat.
You kill the rat!
You puncture the ball python! You burn the ball python.
You kill the ball python!
You see here a rat corpse.
You barely miss the gnoll. You closely miss the gnoll.
Your tail-slap misses the gnoll.
The gnoll barely misses you. The gnoll hits you with a +0 flail!
The gnoll closely misses you.
You closely miss the gnoll.
You hear the rusting of a very distant drain.
The gnoll hits you from afar with a +0 spear!
* * * LOW HITPOINT WARNING * * *
The gnoll misses you. The gnoll hits you but does no damage.
You puncture the gnoll! You burn the gnoll.
You kill the gnoll!
Your Transmutations skill increases to level 5!
The gnoll hits you with a +0 spear.
* * * LOW HITPOINT WARNING * * *
The gnoll closely misses you.
You see here a +0 flail.
Unknown command.
You hit the gnoll. You burn the gnoll.
The gnoll is heavily wounded.
The gnoll hits you with a +0 spear.
* * * LOW HITPOINT WARNING * * *
The gnoll hits you with a +0 spear.
* * * LOW HITPOINT WARNING * * *
You closely miss the gnoll.
The gnoll is heavily wounded.
The gnoll hits you with a +0 spear.
You die...

#. ### ##. ##.##
####.. ##.#.## #.....
####.###.#####.##..
### #.).##
##......###.
....###.##.###..######
#. .........##.#.#.#
#. ##.g@†....#.# #.
####..g####..#.# #.
..........g#..#.# .
#####....#g#..#.# ##.
##.#...#..#.## ...
#............ ...
......#......... ...
#.###.##..).....#
.[............


You could see 2 gnolls.

Vanquished Creatures
  5 gnolls (D:3)
  2 adders (D:2)
  2 worms (D:2)
  10 bats
  4 endoplasms
  2 goblins
  3 hobgoblins
  4 jackals (D:1)
  3 quokkas (D:1)
  5 ball pythons
  3 frilled lizards
  3 kobolds
  A rat (D:3)
47 creatures vanquished.

Notes
Turn   | Place    | Note
-------+----------+-------------------------------------------
     0 | D:1      | barney the Draconian Transmuter began the quest for the
                  | Orb.
     0 | D:1      | Reached XP level 1. HP: 16/16 MP: 3/3
   263 | D:1      | Reached XP level 2. HP: 23/23 MP: 3/5
   331 | D:1      | Reached skill level 3 in Transmutations
  1268 | D:1      | Reached XP level 3. HP: 21/28 MP: 6/6
  1272 | D:1      | Learned a level 3 spell: Spider Form
  1275 | D:1      | Learned a level 2 spell: Wereblood
  1448 | D:1      | Found a faded altar of an unknown god.
  1713 | D:2      | Reached skill level 4 in Transmutations
  3455 | D:3      | Found a shimmering blue altar of Sif Muna.
  3462 | D:3      | Found a snail-covered altar of Cheibriados.
  3466 | D:3      | Found a glowing silver altar of Zin.
  3513 | D:3      | Reached XP level 4. HP: 35/35 MP: 3/7
  3789 | D:3      | Reached skill level 5 in Transmutations
  3791 | D:3      | Slain by a gnoll

Illustrated notes

Levels and vault maps discovered:
D:1:      grunt_arrival_crossed_arrows, layout_basic,
          shapermc_ecumenical_altar_mp_vishouse
D:2:      layout_basic
D:3:      layout_loops_ring, grunt_temple_overflow_open, portal_sewer_entry_b,
          minmay_fractal_squares_5

Skill      XL: |  1  2  3  4 |
---------------+-------------+-----
Transmutations | 3 4 5 |  5.0
Fighting       | |  1.1
Dodging        | |  1.7
Unarmed Combat | |  3.0
Spellcasting   | |  2.0

Action                   |  1- 3 |  4- 6 || total
-------------------------+-------+-------++-------
Melee: Unarmed           |    52 |    17 ||    69
       Headbutt          |     9 |       ||     9
       Tailslap          |     8 |     1 ||     9
       Kick              |     7 |       ||     7
       Dagger            |    23 |       ||    23
       Short sword       |    44 |     9 ||    53
 Cast: Beastly Appendage |    15 |       ||    15
       Spider Form       |     6 |     2 ||     8
  Use: Potion            |       |     1 ||     1
Armor: Skin              |    49 |     1 ||    50
Dodge: Dodged            |   122 |    30 ||   152
